 Dungeon Crawl Stone Soup version 0.30.1 (webtiles) character file.

Game seed: 11897864727717609125

702 GeoRichter the Poker (level 7, -4/42 (56) HPs)
             Began as a Demonspawn Warper on July 3, 2023.
             Was a Believer of Wu Jian.
             Slain by a wight
             ... wielding a +4 halberd
              (16 damage)
             ... on level 4 of the Dungeon.
             The game lasted 00:11:23 (5516 turns).

GeoRichter the Poker (Demonspawn Warper)            Turns: 5516, Time: 00:11:24

HP:   -4/42 (56)    AC:  6    Str: 11    XL:     7   Next: 39%
MP:   0/10          EV: 10    Int: 16    God:    Wu Jian [**....]
Gold: 184           SH:  0    Dex: 13    Spells: 10/10 levels left

rFire   . . .        b - +1 halberd
rCold   + . .        (shield currently unavailable)
rNeg    . . .        g - +0 ring mail
rPois   .            (no helmet)
rElec   .            (no cloak)
rCorr   +            (no gloves)
SInv    .            e - +0 pair of boots
Will    .....        (no amulet)
Stlth   +            q - ring of resist corrosion
HPRegen 0.27/turn    x - ring of protection from cold
MPRegen 0.24/turn

%: guardian spirit
@: very heavily drained
A: hooves 1, magic shield, magic regeneration
a: Renounce Religion, Wall Jump


You were on level 4 of the Dungeon.
You worshipped Wu Jian.
Wu Jian was pleased with you.
You visited 1 branch of the dungeon, and saw 5 of its levels.
You also visited: Sewer.

You collected 208 gold pieces.
You spent 24 gold pieces at shops.

Inventory:

Hand Weapons
 a - a +0 spear
 b - a +1 halberd (weapon)
   (You took it off a gnoll on level 5 of the Dungeon)
Missiles
 d - 6 boomerangs of dispersal (quivered) {!f}
 p - 2 silver boomerangs
Armour
 e - a +0 pair of boots (worn)
   (You found it on level 1 of the Dungeon)
 g - a +0 ring mail (worn)
   (You found it on level 1 of the Dungeon)
Jewellery
 q - a ring of resist corrosion (left hand)
   (You found it on level 3 of the Dungeon)
 x - a ring of protection from cold (right hand)
   (You found it on level 5 of the Dungeon)
Wands
 o - a wand of digging (3)
   (You found it on level 3 of the Dungeon)
 w - a wand of flame (9)
   (You found it on level 4 of the Dungeon)
Scrolls
 c - 3 scrolls of teleportation {@r4}
 i - 2 scrolls of noise {!r}
 j - 2 scrolls of enchant weapon
 s - a scroll of fog {unknown}
 v - a scroll of immolation {unknown}
 y - a scroll of magic mapping {unknown}
 z - a scroll of silence {unknown}
 B - a scroll of poison {unknown}
 C - a scroll of fear {unknown}
Potions
 h - a potion of ambrosia {unknown}
 k - 2 potions of heal wounds {@q2}
 l - a potion of curing {unknown}
 m - 2 potions of resistance {unknown}
 n - a potion of haste {unknown}
 r - a potion of brilliance {unknown}
 t - 3 potions of magic
 u - a potion of mutation {unknown}
 A - a potion of lignification {unknown}


   Skills:
 + Level 5.0 Fighting
 * Level 6.3 Polearms
 - Level 0.8 Throwing
 - Level 0.8 Armour
 - Level 1.7 Dodging
 - Level 2.0 Spellcasting
 - Level 2.6 Translocations


You had 10 spell levels left.
You didn't know any spells.
Your spell library contained the following spells:

 Spells                   Type           Power      Damage    Failure   Level
 Apportation              Tloc           20%        N/A       17%         1
 Blink                    Tloc           20%        N/A       26%         2
 Lesser Beckoning         Tloc           20%        N/A       26%         2
 Necrotise                Necr           4%         1d4       45%         1
 Summon Small Mammal      Summ           4%         N/A       45%         1
 Teleport Other           Tloc           10%        N/A       45%         3
 Vhi's Electric Charge    Tloc/Air       10%        N/A       65%         3
 Ozocubu's Armour         Ice            1%         N/A       83%         3
 Manifold Assault         Tloc           10%        N/A       86%         4
 Conjure Ball Lightning   Conj/Air       0%         3x3d6     100%        6
 Ozocubu's Refrigeration  Ice            0%         4d7       100%        7
 Discord                  Hex            0%         N/A       100%        8
 Disjunction              Tloc           5%         N/A       100%        8


Dungeon Overview and Level Annotations

Branches:
Dungeon (5/15) Zot: 24861  Temple (0/1) D:4           Sewer (visited)

Altars:
Vehumet
Wu Jian

Shops:
D:1 ?

Annotations:
D:3 2 runed translucent doors, LordXaan's ghost, amateur DECj


Innate Abilities, Weirdness & Mutations

You have large cloven feet.
When hurt, damage is shared between your health and your magic reserves.
You regenerate magic rapidly.


Message History

The wight barely misses you. The wight misses you.
You closely miss the wight.
The wight is moderately damaged.
The wight hits you with a +0 flail.
You feel drained.
You closely miss the wight.
The wight is moderately damaged.
The wight hits you but does no damage.
You hit the wight but do no damage.
The wight is moderately damaged.
The wight barely misses you.
You closely miss the wight.
The wight is moderately damaged.
The wight hits you but does no damage.
You puncture the wight!
The wight is severely damaged.
The wight hits you but does no damage. The wight hits you with a +0 flail!
* * * LOW HITPOINT WARNING * * *
You feel drained.
* * * LOW HITPOINT WARNING * * *
You closely miss the wight.
The wight is severely damaged.
The wight closely misses you.
Unknown command.
You slash the wight!
You destroy the wight!
The Council accepts your kill.
Your Fighting skill increases to level 5!
Things that are here:
a +0 flail; a +0 robe You start resting.
Magic restored.
You start resting.
HP restored.
There is a stone staircase leading down, spattered with blood here.
You climb downwards.
The wight hits you with a +4 halberd! x2
You feel drained.
There is a stone staircase leading up, spattered with blood here.
The wight hits you from afar with a +2 halberd!
* * * LOW HITPOINT WARNING * * *
You feel drained.
* * * LOW HITPOINT WARNING * * *
You climb upwards.
There is a stone staircase leading down, spattered with blood here.
You barely miss the wight. The wight hits you with a +4 halberd!
* * * LOW HITPOINT WARNING * * *
You feel drained.
You slash the wight!
The wight is heavily damaged.
The wight hits you with a +4 halberd!!
You die...

....# #.# #.# ..#.######.####
#.### ..............# #...#
#.#..#####..#.# ###.# ..#..#
##.#..# #.# #.#..# ##.###.######
#.# ### #....# #.##
##.....#######.# #.)
#....####.###..z...........# #.#
####.......#....@[.######### #.#
#...........#.....[# #.#
#.##.########......# #.# #.##.#
##......# #.# ..##.# #....#..###
#.# .#.#.#######....#....#### #.#
......>..........###..>.# #.#
.#.##)#.##...........##.#######.#
................................#


You could see a wight.

Vanquished Creatures
  2 ice beasts
  Pargi (Sewer)
  A wight (D:4)
  A hound (D:4)
  2 orc priests
  11 gnolls
  9 adders
  An ufetubus (D:4)
  2 worms
  3 dart slugs
  8 orcs
  8 bats
  7 endoplasms
  A giant cockroach (D:1)
  6 goblins
  7 hobgoblins
  3 jackals (D:1)
  5 kobolds
  2 quokkas
  5 ball pythons
  2 frilled lizards (Sewer)
  7 rats
94 creatures vanquished.

Notes
Turn   | Place    | Note
-------+----------+-------------------------------------------
     0 | D:1      | GeoRichter the Demonspawn Warper began the quest for the
                  | Orb.
     0 | D:1      | Reached XP level 1. HP: 16/16 MP: 3/3
    46 | D:1      | Reached skill level 2 in Polearms
   124 | D:1      | Gained mutation: You regenerate magic rapidly. [demonic
                  | ancestry]
   124 | D:1      | Reached XP level 2. HP: 21/22 MP: 5/5
   315 | D:1      | Found Zoyschur's Magic Scroll Emporium.
   601 | D:1      | Gained mutation: When hurt, damage is shared between your
                  | health and your magic reserves. [demonic ancestry]
   601 | D:1      | Reached XP level 3. HP: 17/28 MP: 6/6
   690 | D:1      | Bought a scroll of identify for 24 gold pieces
   888 | D:2      | Reached skill level 3 in Polearms
  1118 | D:2      | Reached XP level 4. HP: 12/34 MP: 4/7
  1923 | D:2      | Found a faded altar of an unknown god.
  1948 | D:2      | Prayed at the altar of an unknown god.
  1948 | D:2      | Became a worshipper of the Wu Jian Council
  1948 | D:2      | Reached * piety under Wu Jian
  1980 | D:2      | Reached skill level 4 in Polearms
  2062 | D:2      | Reached XP level 5. HP: 24/41 MP: 5/8
  2307 | D:3      | Found a runed translucent door.
  2307 | D:3      | Noticed LordXaan's ghost (amateur DECj)
  2346 | D:3      | Found a radiant altar of Vehumet.
  2686 | D:3      | Found a runed translucent door.
  3428 | D:4      | Found a glowing drain.
  3437 | Sewer    | Entered a sewer
  3632 | Sewer    | Noticed Pargi
  3682 | Sewer    | Killed Pargi
  3683 | Sewer    | Reached skill level 5 in Polearms
  3683 | Sewer    | Discovered your monstrous ancestry.
  3683 | Sewer    | Gained mutation: You have large cloven feet. [demonic
                  | ancestry]
  3683 | Sewer    | Reached XP level 6. HP: 19/48 MP: 2/9
  3992 | D:4      | Found a staircase to the Ecumenical Temple.
  4033 | D:4      | Identified the +4 sling of Dioclud {freeze, rN+ Int+2}
  4490 | D:5      | Entered Level 5 of the Dungeon
  4504 | D:5      | Reached ** piety under Wu Jian
  4678 | D:5      | Noticed an ice beast
  4715 | D:4      | Killed an ice beast
  4828 | D:5      | Noticed an ice beast
  4850 | D:4      | Reached XP level 7. HP: 48/55 MP: 10/10
  4920 | D:5      | Reached skill level 6 in Polearms
  5419 | D:4      | Reached skill level 5 in Fighting
  5516 | D:4      | Slain by a wight

Illustrated notes

Levels and vault maps discovered:
D:1:      lemuel_arrival_river_passageway, layout_rooms, serial_shops, shop
D:2:      layout_loops_ring, hellmonk_ecumenical_altar_crossroads,
          nicolae_grassy_gnolls
D:3:      layout_loops_ring, mainiacjoe_overflow_alcove_2,
          ebering_ghost_sewer_f, reono_crystal_passage
D:4:      layout_loops_ring, minmay_temple_entry_water_ring,
          portal_sewer_entry_d
D:5:      layout_loops_cross, nicolae_overflow_hidden_temple

Skill      XL: |  1  2  3  4  5  6  7 |
---------------+----------------------+-----
Polearms       | 2 3 4 5 6 |  6.3
Fighting       | 3 4 5 |  5.0
Throwing       | |  0.8
Armour         | |  0.8
Dodging        | |  1.7
Spellcasting   | |  2.0
Translocations | |  2.6

Action                     |  1- 3 |  4- 6 |  7- 9 || total
---------------------------+-------+-------+-------++-------
  Melee: Spear             |   166 |   316 |    59 ||   541
         Punch             |     1 |       |     2 ||     3
         Halberd           |       |    59 |    14 ||    73
  Throw: Stone             |     3 |     5 |       ||     8
         Boomerang         |       |     1 |       ||     1
  Evoke: Wand              |       |       |     1 ||     1
    Use: Scroll            |     2 |       |     3 ||     5
         Potion            |       |     2 |       ||     2
   Stab: Sleeping          |       |     1 |       ||     1
 Armour: Leather armour    |    58 |    14 |       ||    72
         Ring mail         |       |   122 |    10 ||   132
  Dodge: Dodged            |   103 |   200 |    28 ||   331
